 Dungeon Crawl Stone Soup version 0.31-a0-771-g505c3d19dc (webtiles) character file.

Game seed: 13919257833064445327

36 Armakuni the Vexing (level 3, -1/26 HPs)
             Began as a Human Wanderer on Sept 16, 2023.
             Slain by Jessica
             ... wielding a +0 dagger
              (3 damage)
             ... on level 2 of the Dungeon.
             The game lasted 00:02:20 (1361 turns).

Armakuni the Vexing (Human Wanderer)                Turns: 1361, Time: 00:02:20

Health: -1/26      AC:  3    Str: 12    XL:     3   Next: 57%
Magic:  3/4        EV: 10    Int: 14    God:
Gold:   67         SH:  4    Dex: 12    Spells: 3/4 levels left

rFire   . . .        a - +1 mace
rCold   . . .        b - +0 buckler
rNeg    . . .        h - +0 leather armour
rPois   .            (no helmet)
rElec   .            (no cloak)
rCorr   .            (no gloves)
SInv    .            (no boots)
Will    .....        U - amulet of faith
Stlth   +            (no ring)
HPRegen 0.24/turn    (no ring)
MPRegen 0.09/turn

%: faith
@: about to teleport
A: no striking features
a: no special abilities


You were on level 2 of the Dungeon.
You visited 1 branch of the dungeon, and saw 2 of its levels.

You collected 67 gold pieces.

Inventory:

Hand Weapons
 a - a +1 mace (weapon)
Armour
 b - a +0 buckler (worn)
 g - a +0 ring mail
 h - a +0 leather armour (worn)
Jewellery
 U - an amulet of faith (around neck)
Scrolls
 c - a scroll of blinking


   Skills:
 - Level 1.0 Fighting
 + Level 3.2 Maces & Flails
 - Level 2.0 Shields
 - Level 1.0 Spellcasting
 - Level 4.0 Hexes
 - Level 1.0 Evocations


You had 3 spell levels left.
You knew the following spells:

 Your Spells              Type           Power      Damage    Failure   Level
a - Slow                  Hex            44%        N/A       10%         1

Your spell library contained the following spells:

 Spells                   Type           Power      Damage    Failure   Level
 Tukima's Dance           Hex            11%        N/A       28%         3
 Summon Guardian Golem    Hex/Summ       6%         N/A       54%         3


Dungeon Overview and Level Annotations

Branches:
Dungeon (2/15)

Altars:

Annotations:
D:2 Jessica


Message History

You closely miss the kobold. The kobold hits you with a +0 dagger.
You hit the kobold but do no damage. The kobold hits you with a +0 dagger.
Jessica gestures wildly while chanting.
Jessica blinks!
You barely miss the kobold. The kobold closely misses you.
You block the kobold's attack.
You hit the kobold.
You kill the kobold!
Jessica is no longer moving slowly.
You hit the kobold.
You kill the kobold!
Things that are here:
a +0 short sword; a +0 dagger; a kobold corpse
Casting: Slow (safe; 10% risk of failure)
Confirm with . or Enter, or press ? or * to list all spells.
Aiming: Slow (safe; 10% risk of failure)
Press: ? - help, Shift-Dir - straight line, f/p - Jessica
Aim: Jessica, wielding a +0 dagger and wearing a +0 robe (chance to affect: 53%) Jessica seems to slow down.
You barely miss Jessica. You block Jessica's attack.
You closely miss Jessica.
Jessica points at you and mumbles some strange words.
Pain shoots through your body!
You closely miss Jessica. Jessica hits you with a +0 dagger.
You barely miss Jessica. Jessica hits you with a +0 dagger.
* * * LOW HITPOINT WARNING * * *
You hit Jessica but do no damage.
Jessica is no longer moving slowly.
You block Jessica's attack.
You feel better. Jessica hits you with a +0 dagger.
* * * LOW HITPOINT WARNING * * *
As you read the scroll of teleportation, it crumbles to dust.
You feel strangely unstable. You block Jessica's attack.
You closely miss Jessica. Jessica hits you with a +0 dagger.
* * * LOW HITPOINT WARNING * * *
You barely miss Jessica.
Jessica gestures wildly.
Jessica hits you with a +0 dagger.
* * * LOW HITPOINT WARNING * * *
Jessica hits you with a +0 dagger.
You die...

.# #.# #.# ## ##.### #.
....# #####.# #.#.#
...>.# ###.#.#
####..###.....#
#....@@...#.#.#
.......####....########
##.###.# #.....>.......
#.###.####....########
#.......†.....#
#.###.#####.### #...#.#
#.# #.#.#.# #+# #...##


You could see Jessica.

Vanquished Creatures
  A dart slug (D:1)
  3 ball pythons (D:1)
  5 endoplasms
  A giant cockroach (D:1)
  3 goblins (D:1)
  A hobgoblin (D:1)
  3 kobolds
  5 quokkas
  3 bats (D:1)
  2 frilled lizards
  2 rats (D:1)
29 creatures vanquished.

Notes
Turn   | Place    | Note
-------+----------+-------------------------------------------
     0 | D:1      | Armakuni the Human Wanderer began the quest for the Orb.
     0 | D:1      | Armakuni set off with the following items: a +0 mace, a +0
                  | buckler, a scroll of blinking, a +0 robe; and the following
                  | spell memorised: Slow; and the following spells available
                  | to memorise: Tukima's Dance, Summon Guardian Golem.
     0 | D:1      | Reached XP level 1. HP: 15/15 MP: 2/2
   206 | D:1      | Reached XP level 2. HP: 14/21 MP: 3/3
   595 | D:1      | Reached XP level 3. HP: 22/26 MP: 4/4
  1337 | D:2      | Noticed Jessica
  1361 | D:2      | Slain by Jessica

Illustrated notes

Levels and vault maps discovered:
D:1:      lemuel_arrival_lava_pool, layout_basic, minmay_tetromino_l2
D:2:      layout_loops_corners, basic_altar, uniq_jessica

Skill      XL: |  1  2  3 |
---------------+----------+-----
Maces & Flails | 2 3 |  3.2
Fighting       | |  1.0
Shields        | |  2.0
Spellcasting   | |  1.0
Hexes          | |  4.0
Evocations     | |  1.0

Action                     || total
---------------------------++-------
  Melee: Mace              ||    89
   Cast: Slow              ||     2
    Use: Scroll            ||     5
         Potion            ||     1
   Stab: Sleeping          ||     2
 Armour: Robe              ||    31
         Leather armour    ||    18
  Dodge: Dodged            ||    37
  Block: Buckler           ||    14

Table legend: (Time is in decaauts)
 A = Elapsed time spent in this place.
 B = Non-inter-level travel time spent in this place.
 C = Inter-level travel time spent in this place.
 D = Time resting spent in this place.
 E = Time spent auto-exploring this place.
 F = Levels seen in this place.
 G = Mean time per level.
                   A        B        C        D        E       F      G
               +--------+--------+--------+--------+--------+-----+--------+
         Total |   1388 |   1339 |     49 |     57 |   1005 |   2 |  694.0 |
       Dungeon |   1388 |   1339 |     49 |     57 |   1005 |   2 |  694.0 |
               +--------+--------+--------+--------+--------+-----+--------+

Top non-repeatable levels by time:
     D:1: 1290 daAuts
     D:2: 98 daAuts
